 Dungeon Crawl Stone Soup version 0.20-a0-210-gd6c29eb (webtiles) character file.

4 deepsabbath the Firebug (level 1, 0/10 HPs)
             Began as a Deep Elf Fire Elementalist on Nov 26, 2016.
             Slain by a jackal (3 damage)
             ... on level 1 of the Dungeon.
             The game lasted 00:01:02 (425 turns).

deepsabbath the Firebug (Deep Elf Fire Elementalist) Turns: 425, Time: 00:01:03

Health: 0/10       AC:  2    Str:  5    XL:     1   Next: 50%
Magic:  6/6        EV: 13    Int: 19    God:
Gold:   0          SH:  0    Dex: 15    Spells: 5/6 levels left

rFire  . . .     SeeInvis .     d - +0 dagger
rCold  . . .     Gourm    .     a - +0 robe
rNeg   . . .     Faith    .     (no shield)
rPois  .         Spirit   .     (no helmet)
rElec  .         Reflect  .     (no cloak)
rCorr  .         Harm     .     (no gloves)
MR     .....                    (no boots)
Stlth  ++........               (no amulet)
                                (no ring)
                                (no ring)

@: no status effects
A: no striking features
a: no special abilities


You were on level 1 of the Dungeon.
You were not hungry.

You visited 1 branch of the dungeon, and saw 1 of its levels.

Inventory:

Hand Weapons
 d - a +0 dagger (weapon)
   (You found it on level 1 of the Dungeon)
Armour
 a - a +0 robe (worn)
Jewellery
 g - an uncursed ring of magical power {unknown}
   (You found it on level 1 of the Dungeon)
Potions
 f - a potion of brilliance {unknown}
Books
 b - a book of Flames
Comestibles
 c - a bread ration {@e1}
 h - a chunk of flesh {@w0}


   Skills:
 * Level 1.1 Short Blades
 - Level 2.4 Dodging
 - Level 2.4 Stealth
 - Level 3.0 Spellcasting
 - Level 1.1 Conjurations
 - Level 3.2 Fire Magic


You had 5 spell levels left.
You knew the following spells:

 Your Spells              Type           Power        Failure   Level  Hunger
a - Flame Tongue          Conj/Fire      ##...        10%         1    None


Dungeon Overview and Level Annotations

Branches:
Dungeon (1/15)

Altars:


Message History

You are too injured to fight recklessly!
You are too injured to fight recklessly!
You are too injured to fight recklessly!
You are too injured to fight recklessly!
You are too injured to fight recklessly!
You are too injured to fight recklessly!
You are too injured to fight recklessly!
You are too injured to fight recklessly!
You are too injured to fight recklessly!
You are too injured to fight recklessly!
You are too injured to fight recklessly!
You are too injured to fight recklessly!
You are too injured to fight recklessly!
You are too injured to fight recklessly!
You are too injured to fight recklessly!
You barely miss the bat. The bat closely misses you. The bat barely misses you.
You hit the bat. The bat completely misses you.
The bat hits you but does no damage. The bat closely misses you.
You hit the bat.
You kill the bat!
You start resting.
Health restored: 10 You see here a frilled lizard corpse.
An adder comes into view.
You see here a frilled lizard corpse.
A jackal comes into view.
The jackal barks!
A jackal comes into view.
You start waiting.
You hit the jackal but do no damage. The jackal misses you.
You closely miss the jackal. The jackal bites you.
The jackal closely misses you.
You take 3 damage, and have 7/10 hp.
MASSIVE DAMAGE!!
You hit the jackal. The jackal misses you.
You hit the jackal but do no damage. The jackal barely misses you.
The jackal bites you but does no damage.
You hit the jackal. The jackal closely misses you.
You hit the jackal but do no damage. The jackal barely misses you.
You barely miss the jackal. The jackal closely misses you.
The jackal barely misses you.
You barely miss the jackal. The jackal completely misses you.
You hit the jackal. The jackal bites you.
You take 1 damage, and have 6/10 hp.
You closely miss the jackal. The jackal closely misses you.
The jackal barely misses you.
You hit the jackal.
You kill the jackal!
You see here a jackal corpse.
You butcher the jackal corpse.
h - a chunk of flesh {@w0} You see here a jackal skeleton.
You start resting.
You start resting.
A jackal comes into view.
A jackal is nearby!
A jackal is nearby!
A jackal is nearby!
You start resting.
A jackal is nearby!
The jackal barks!
You hit the jackal. The jackal bites you. The jackal misses you.
You take 1 damage, and have 7/10 hp.
You hit the jackal but do no damage.
The jackal bites you but does no damage.
You hit the jackal but do no damage. The jackal closely misses you.
You hit the jackal but do no damage. The jackal misses you. x2
You hit the jackal but do no damage. The jackal barely misses you.
You hit the jackal but do no damage. The jackal closely misses you.
The jackal barely misses you.
You hit the jackal. The jackal bites you.
You take 1 damage, and have 6/10 hp.
You hit the jackal. The jackal bites you.
You take 2 damage, and have 4/10 hp.
You hit the jackal but do no damage. The jackal barely misses you.
You completely miss the jackal. The jackal closely misses you. x2
You hit the jackal. The jackal barely misses you.
You hit the jackal but do no damage. The jackal closely misses you.
You hit the jackal but do no damage.
The jackal bites you but does no damage.
The jackal barely misses you.
You hit the jackal.
You kill the jackal!
Your Short Blades skill increases to level 1!
You start resting.
You regained 3 hp, and now have 7/10 hp.
The jackal barks!
You miss the jackal. The jackal closely misses you.
You hit the jackal but do no damage. The jackal bites you.
You take 2 damage, and have 5/10 hp.
You hit the jackal. The jackal bites you. The jackal misses you.
You take 1 damage, and have 4/10 hp.
You hit the jackal but do no damage. The jackal completely misses you.
You hit the jackal. The jackal bites you.
* * * LOW HITPOINT WARNING * * *
The jackal completely misses you.
You take 1 damage, and have 3/10 hp.
It was a potion of cancellation.
You feel magically purged. The jackal bites you.
You die...

### ######.# ..# #######...... #.#
#.(........# #.# #..........# #.#
#..........# #.# #..........#.#
..# .h....h........#
##########################h#####.
................@h......รท........
##########.################.#####
.................... .#
.................... ..
.####...#####...#### .## .# #...#
(..# .. .####...# ...# .#
........# .!.# .# ......... ...#


You could see a jackal.

Vanquished Creatures
  2 jackals (D:1)
  A bat (D:1)
  A frilled lizard (D:1)
4 creatures vanquished.

Notes
Turn   | Place    | Note
-------+----------+-------------------------------------------
     0 | D:1      | deepsabbath the Deep Elf Fire Elementalist began the quest for the Orb.
     0 | D:1      | Reached XP level 1. HP: 10/10 MP: 6/6
   321 | D:1      | Reached skill level 1 in Short Blades
   425 | D:1      | Slain by a jackal

Vault maps used:
D:1:      dpeg_arrival_boxorama, minmay_pentomino_x4

Skill      XL: |  1 |
---------------+----+-----
Short Blades   | 1 |  1.1
Dodging        | |  2.4
Stealth        | |  2.4
Spellcasting   | |  3.0
Conjurations   | |  1.1
Fire Magic     | |  3.2

Action                   || total
-------------------------++-------
Melee: Dagger            ||    54
  Use: Potion            ||     1
Armor: Robe              ||    22
Dodge: Dodged            ||    64

Vault maps used:
D:1:      dpeg_arrival_boxorama, minmay_pentomino_x4

Table legend:
 A = Turns spent in this place as a percentage of turns spent in the entire game.
 B = Non-inter-level travel turns spent in this place as a percentage of non-inter-level travel turns spent in the entire game.
 C = Inter-level travel turns spent in this place as a percentage of turns spent in this place.
 D = Turns resting spent in this place as a percentage of non-inter-level travel turns spent in this place.
 E = Turns spent auto-exploring this place as a percentage of non-inter-level travel turns spent in this place.
 F = Non-inter-level travel turns spent in this place divided by the number of levels of this place that you've seen.
                   A       B       C       D       E      F
               +-------+-------+-------+-------+-------+----------------------
         Total | 100.0 | 100.0 |   0.0 |   7.0 |   2.9 | 172.0
       Dungeon | 100.0 | 100.0 |   0.0 |   7.0 |   2.9 | 172.0
               +-------+-------+-------+-------+-------+----------------------

Table legend:
 A = Kills in this place as a percentage of kills in entire the game.
 B = Kills by you in this place as a percentage of kills by you in the entire game.
 C = Kills by friends in this place as a percentage of kills by friends in the entire game.
 D = Other kills in this place as a percentage of other kills in the entire game.
 E = Experience gained in this place as a percentage of experience gained in the entire game.
 F = Experience gained in this place divided by the number of levels of this place that you have seen.
                   A       B       C       D       E      F
               +-------+-------+-------+-------+-------+----------------------
         Total | 100.0 | 100.0 |  -nan |  -nan | 100.0 |   6.0
       Dungeon | 100.0 | 100.0 |  -nan |  -nan | 100.0 |   6.0
               +-------+-------+-------+-------+-------+----------------------
